Map: Turbo Cruise '84 LE

Players

Hellraiser

  • Race: Protoss Protoss
  • Spawn Location: 3:00

Elazer - Winner!

  • Race: Zerg Zerg
  • Spawn Location: 7:00

Event: 2019 WCS Summer

VOD

Have the link to the VOD?

Description

Time

  • Played on: July 13, 2019, 10:38 a.m.
  • Length: 6:46

All games in this series

Show
View Real Time Build Order
Export as new Build Order

Hellraiser Protoss 

Build Orders: Oracle Opening, Phoenix Opening 

Get SALT Encoding   

  12  0:00  Probe  
  13  0:12  Probe  
  14  0:19  Pylon  
  14  0:24  Probe  
  15  0:33  Probe  
  15  0:38  Gateway  
  15  0:41  Probe  
  16  0:47  Assimilator  
  17  0:53  Probe  
  18  1:06  Forge  
  19  1:14  Pylon  
  18  1:20  Pylon  
  18  1:25  Pylon  
  18  1:39  Photon Cannon  
  18  1:44  Probe  
  19  1:47  Cybernetics Core  
  19  1:56  Probe  
  21  2:20  Nexus  
  20  2:23  Probe  
  21  2:31  Stargate  
  21  2:33  Probe  
  22  2:38  Assimilator  
  22  2:41  Probe  
  22  2:50  Probe  
  23  2:57  Pylon  
  24  3:02  Probe  
  24  3:05  Oracle  
  25  3:11  Probe  
  25  3:19  Probe  
  30  3:28  Probe x2  
  30  3:32  Warp Gate  
  32  3:36  Probe  
  32  3:40  Probe  
  34  3:46  Probe, Phoenix  
  36  3:51  Pylon  
  36  3:52  Probe  
  38  3:58  Probe  
  39  4:04  Probe  
  40  4:10  Probe, Robotics Facility  
  40  4:16  Probe, Pylon  
  42  4:19  Assimilator  
  42  4:20  Oracle  
  42  4:23  Probe  
  43  4:28  Probe  
  47  4:37  Pylon  
  48  4:42  Gateway  
  48  4:43  Gateway  
  47  4:45  Gateway  
  47  4:47  Immortal  
  51  5:00  Gateway  
  51  5:06  Gateway  
  51  5:11  Gateway  
  51  5:15  Probe, Immortal  
  53  5:23  Stalker  
  58  5:35  Cybernetics Core  
  58  5:39  Sentry  
  58  5:40  Sentry  
  58  5:42  Pylon  
  62  5:46  Warp Prism  
  62  5:47  Sentry, Zealot  
  68  6:00  Sentry  
  68  6:02  Zealot  
  68  6:03  Pylon  
  72  6:07  Stalker  
  74  6:12  Zealot x2  
  78  6:23  Pylon  
  78  6:25  Zealot x2  
  80  6:37  Sentry x2, Zealot x3  
Show
View Real Time Build Order
Export as new Build Order

Elazer Zerg - Winner!

Build Orders: Hatch First 

Get SALT Encoding   

  12  0:00  Drone  
  13  0:12  Overlord  
  13  0:17  Drone  
  14  0:30  Drone x2  
  16  0:48  Hatchery  
  15  0:51  Drone  
  15  0:55  Drone  
  17  0:58  Drone  
  18  1:08  Extractor  
  17  1:14  Spawning Pool  
  17  1:17  Drone  
  17  1:21  Drone  
  18  1:29  Drone  
  19  1:42  Drone  
  21  1:47  Extractor  
  21  1:52  Hatchery  
  19  1:54  Drone  
  19  2:00  Queen  
  19  2:01  Roach Warren  
  21  2:08  Overlord  
  21  2:21  Overlord  
  21  2:26  Drone  
  22  2:39  Queen  
  22  2:41  Roach  
  22  2:43  Roach  
  28  2:58  Drone  
  29  3:06  Drone x2  
  31  3:15  Drone  
  31  3:19  Drone, Hatchery  
  32  3:26  Drone x2  
  34  3:31  Spore Crawler  
  33  3:36  Spore Crawler  
  33  3:39  Drone x2  
  34  3:46  Queen  
  34  3:48  Drone  
  37  3:49  Drone  
  37  3:52  Drone  
  37  3:54  Drone  
  40  3:58  Drone  
  40  4:01  Drone x2  
  42  4:05  Overlord  
  42  4:15  Overlord  
  42  4:18  Drone x2  
  42  4:23  Queen  
  46  4:24  Overlord  
  46  4:26  Drone  
  46  4:29  Drone x2  
  49  4:32  Drone  
  49  4:34  Drone x2  
  50  4:40  Drone, Spore Crawler  
  50  4:41  Drone  
  50  4:45  Drone  
  52  4:50  Drone  
  53  4:53  Drone x3, Overlord  
  53  4:54  Drone  
  53  4:57  Drone x2  
  53  4:58  Drone  
  60  5:02  Queen  
  60  5:06  Overlord  
  62  5:09  Lair  
  62  5:10  Drone  
  62  5:11  Drone  
  64  5:14  Extractor  
  64  5:16  Drone x2  
  64  5:18  Drone  
  66  5:22  Overlord  
  66  5:23  Drone x3  
  66  5:26  Overlord  
  69  5:29  Drone x3  
  69  5:32  Overlord  
  69  5:33  Extractor  
  71  5:35  Extractor  
  71  5:38  Evolution Chamber, Overlord  
  67  5:43  Overlord  
  67  5:44  Drone x3  
  67  5:46  Extractor  
  67  5:47  Roach  
  71  5:50  Overlord  
  71  5:52  Roach  
  73  5:58  Roach x4  
  73  6:00  Overlord  
  73  6:02  Roach x2  
  85  6:05  Roach x2  
  85  6:09  Overseer  
  85  6:11  Roach  
  91  6:12  Roach  
  91  6:14  Ravager x2  
  91  6:17  Roach x3  
  101  6:20  Ravager x4  
  101  6:23  Roach  
  101  6:24  Roach  
Tags
 
Add a new tag
Caveats
  • Supply blocks, unpowered buildings, or Contaminate may cause inaccurate times.
  • Supply counts are checked every 10 seconds.